 Dungeon Crawl Stone Soup version 0.23-a0-448-g1c01f63 (webtiles) character file.

342 Dfrag the Digger (level 6, -1/49 HPs)
             Began as a Deep Dwarf Earth Elementalist on Nov 19, 2018.
             Killed from afar by an orc wizard (3 damage)
             ... with a puff of frost
             ... on level 4 of the Dungeon.
             The game lasted 00:04:19 (2025 turns).

Dfrag the Digger (Deep Dwarf Earth Elementalist)    Turns: 2025, Time: 00:04:20

Health: -1/49      AC:  2    Str: 11    XL:     6   Next: 30%
Magic:  8/12       EV: 12    Int: 18    God:
Gold:   131        SH:  0    Dex: 13    Spells: 9/13 levels left

rFire    . . .     SeeInvis .   s - +0 short sword (elec)
rCold    . . .     Gourm    .   (no shield)
rNeg     . . .     Faith    .   c - +0 robe
rPois    .         Spirit   .   (no helmet)
rElec    .         Reflect  .   (no cloak)
rCorr    .         Harm     .   (no gloves)
MR       .....                  (no boots)
Stlth    ++........             (no amulet)
HPRegen  0.00/turn              (no ring)
MPRegen  0.13/turn              (no ring)

@: non-regenerating
A: damage resistance, heal wounds, sense surroundings 1, no regeneration
a: Heal Wounds


You were on level 4 of the Dungeon.
You were hungry.

You visited 1 branch of the dungeon, and saw 4 of its levels.

You collected 131 gold pieces.

Inventory:

Hand Weapons
 s - a +0 short sword of electrocution (weapon)
Missiles
 b - 46 stones (quivered)
Armour
 c - a +0 robe (worn)
Scrolls
 f - a scroll of enchant weapon {unknown}
 g - a scroll of enchant armour {unknown}
 h - a scroll of amnesia {unknown}
 j - 2 scrolls of remove curse {unknown}
 l - 4 scrolls of identify {unknown}
 m - 2 scrolls of teleportation {unknown}
 p - a scroll of blinking {unknown}
 t - a scroll of noise {unknown}
Potions
 a - 2 potions of mutation {unknown}
 e - a potion of haste {unknown}
 i - a potion of degeneration {unknown}
 k - 2 potions of agility {unknown}
 n - 2 potions of curing {unknown}
 o - 3 potions of lignification {unknown}
 r - a potion of invisibility {unknown}
 u - a potion of cancellation {unknown}
Comestibles
 d - 5 rations
 q - 3 chunks of flesh


   Skills:
 - Level 2.1 Dodging
 - Level 2.4 Stealth
 * Level 4.3 Spellcasting
 * Level 2.3 Conjurations
   Level 0.8 Transmutations
 + Level 5.8 Earth Magic


You had 9 spell levels left.
You knew the following spells:

 Your Spells              Type           Power        Failure   Level  Hunger
a - Sandblast             Erth           ###...       1%          1    None
b - Stone Arrow           Conj/Erth      ###...       8%          3    ###....

Your spell library contained the following spells:

 Spells                   Type           Power        Failure   Level  Hunger
 Passwall                 Tmut/Erth      ###.....     5%          2    ##.....
 Petrify                  Tmut/Erth      ###.....     34%         4    ####...
 Lee's Rapid Deconstruct  Erth           ###.......   34%         5    ######.


Dungeon Overview and Level Annotations

Branches:
Dungeon (4/15)
 Temple: D:4-7

Altars:


Innate Abilities, Weirdness & Mutations

You are resistant to damage.
You can heal yourself by infusing magical energy.
You passively map a small area around you.
You do not regenerate.


Message History

A puff of flame appears from out of thin air!
The puff of flame hits you!
* * * LOW HITPOINT WARNING * * *
You hear some strange, mumbled words.
A puff of flame appears from out of thin air!
The puff of flame hits you!
* * * LOW HITPOINT WARNING * * *
The orc hits you from afar with a +0 trident.
* * * LOW HITPOINT WARNING * * *
Casting: Sandblast (safe; 1% risk of failure)
Confirm with . or Enter, or press ? or * to list all spells.
Aiming: Stone Arrow (safe; 8% risk of failure)
Press: ? - help, Shift-Dir - straight line, f - orc
Aim: an orc, wielding a +0 trident and wearing a +0 ring mail The stone arrow hits the orc.
You kill the orc!
You hear some strange, mumbled words.
A puff of frost appears from out of thin air!
The puff of frost hits you!
You die...

....................#
.......#..(.o.......#
..[....#...o........#
.......#............#
....<..#....o.......#
.##..(##............######
# #...############.......#
...............#)......#
...........@)o......#
............#.......#
.##...##....#.......#
.##+####<...#......)#
............#########
............#
............#
............# ,
[...........#


You could see an orc.

Vanquished Creatures
  A scorpion (D:4)
  2 orc wizards (D:3)
  2 worker ants
  4 gnolls
  4 adders
  3 oozes
  An adder skeleton (D:4)
  2 worms (D:2)
  3 dart slugs
  2 leopard geckos (D:1)
  8 orcs
  A ball python (D:4)
  5 bats
  3 giant cockroaches
  11 goblins
  8 hobgoblins
  4 jackals
  5 kobolds
  2 quokkas (D:3)
  5 frilled lizards
  5 rats
81 creatures vanquished.

Notes
Turn   | Place    | Note
-------+----------+-------------------------------------------
     0 | D:1      | Dfrag the Deep Dwarf Earth Elementalist began the quest for
                  | the Orb.
     0 | D:1      | Reached XP level 1. HP: 15/15 MP: 3/3
    69 | D:1      | Reached XP level 2. HP: 20/22 MP: 0/5
   402 | D:1      | Reached XP level 3. HP: 26/28 MP: 4/7
   407 | D:1      | Learned a level 3 spell: Stone Arrow
   921 | D:2      | Reached XP level 4. HP: 18/36 MP: 5/8
  1026 | D:2      | Reached skill level 5 in Earth Magic
  1395 | D:3      | Reached XP level 5. HP: 38/42 MP: 6/10
  1422 | D:3      | Reached skill level 1 in Conjurations
  1941 | D:4      | Reached XP level 6. HP: 31/49 MP: 2/12
  2024 | D:4      | HP: 2/49 [orc/+0 trident (3)]
  2025 | D:4      | Killed from afar by an orc wizard

Vault maps used:
D:1:      shiori_arrival_maze
D:3:      first_ration
D:4:      kennysheep_the_goblin_king, uniq_blork_the_orc

Skill      XL: |  1  2  3  4  5 |
---------------+----------------+-----
Spellcasting   | 2 3 4 |  4.3
Earth Magic    | 5 |  5.8
Conjurations   | 2 |  2.3
Dodging        | |  2.1
Stealth        | |  2.4
Transmutations | |  0.8

Action                   |  1- 3 |  4- 6 || total
-------------------------+-------+-------++-------
Melee: Unarmed           |    22 |    26 ||    48
       Short sword       |       |    45 ||    45
 Cast: Sandblast         |    42 |    49 ||    91
       Stone Arrow       |     4 |    10 ||    14
 Abil: Heal Wounds       |       |     2 ||     2
  Eat: Chunk             |     1 |     4 ||     5
Armor: Robe              |     5 |    13 ||    18
Dodge: Dodged            |    26 |    56 ||    82

Table legend:
 A = Non-vault XP
 B = Vault XP
 C = Vault XP percentage of total XP
 D = Non-vault monster count
 E = Vault monster count
 F = Vault count percentage of total count
                 A         B        C        D         E       F
            +---------+---------+-------+---------+---------+-------
      Total |     482 |       7 |   1.4 |      79 |       2 |   2.5
            +---------+---------+-------+---------+---------+-------
        D:1 |      55 |       7 |  11.3 |      24 |       2 |   7.7
        D:2 |      60 |       0 |   0.0 |      16 |       0 |   0.0
        D:3 |     248 |       0 |   0.0 |      32 |       0 |   0.0
        D:4 |     119 |       0 |   0.0 |       7 |       0 |   0.0
            +---------+---------+-------+---------+---------+-------
